 Dungeon Crawl Stone Soup version 0.25-a0-1024-gbfbf38f2cb (webtiles) character file.

Game seed: 16386258452100359210, levelgen mode: deterministic

163 Flugslaktarn the Covered (level 5, -2/43 HPs)
             Began as a Barachi Fighter on May 12, 2020.
             Killed from afar by an orc wizard (5 damage)
             ... with a magic dart
             ... on level 3 of the Dungeon.
             The game lasted 00:00:55 (1831 turns).

Flugslaktarn the Covered (Barachi Fighter)          Turns: 1831, Time: 00:00:56

Health: -2/43      AC:  7    Str: 18    XL:     5   Next: 44%
Magic:  5/5        EV:  7    Int:  9    God:
Gold:   139        SH:  9    Dex: 11    Spells: 4/4 levels left

rFire    . . .     SeeInvis .   a - +0 war axe
rCold    . . .     Gourm    .   c - +0 kite shield
rNeg     . . .     Faith    .   b - +0 scale mail
rPois    .         Spirit   .   (no helmet)
rElec    .         Reflect  .   (no cloak)
rCorr    .         Harm     .   (no gloves)
MR       .....                  (no boots)
Stlth    ..........             (no amulet)
HPRegen  0.14/turn              (no ring)
MPRegen  0.09/turn              (no ring)

@: mighty, can't hop, slowed, very slow
A: +LOS, swims, slowness 1, strong legs 1
a: Hop


You were on level 3 of the Dungeon.
You were not hungry.

You visited 1 branch of the dungeon, and saw 3 of its levels.

You collected 139 gold pieces.

Inventory:

Hand Weapons
 a - a +0 war axe (weapon)
Armour
 b - a +0 scale mail (worn)
 c - a +0 kite shield (worn)
Jewellery
 m - an uncursed ring of protection from cold {unknown}
   (You found it on level 1 of the Dungeon)
 u - an uncursed amulet of the gourmand {unknown}
   (You found it on level 3 of the Dungeon)
Scrolls
 f - a scroll of amnesia {unknown}
 g - 5 scrolls of remove curse {unknown}
 j - 4 scrolls of identify {unknown}
 k - a scroll of blinking {unknown}
 n - a scroll of fear {unknown}
 o - a scroll of random uselessness {unknown}
 p - a scroll of teleportation {unknown}
 w - 2 scrolls of fog {unknown}
Potions
 d - a potion of might
 h - a potion of ambrosia {unknown}
 i - a potion of haste {unknown}
 l - 2 potions of degeneration {unknown}
 q - a potion of curing {unknown}
 r - a potion of mutation {unknown}
 s - a potion of flight {unknown}
 v - a potion of brilliance {unknown}
Comestibles
 e - 9 rations
 t - 12 chunks of flesh


   Skills:
 + Level 4.5 Fighting
 * Level 4.1 Axes
 + Level 4.5 Armour
 + Level 4.1 Shields


You had 4 spell levels left.
You didn't know any spells.
Your spell library was empty.

Dungeon Overview and Level Annotations

Branches:
Dungeon (3/15)

Altars:


Innate Abilities, Weirdness & Mutations

You can be seen from farther away. (+LOS)
You can swim through water.
You cover ground slowly.
You can hop short distances.


Message History

The magic dart hits you.
* * * LOW HITPOINT WARNING * * *
You closely miss the orc warrior.
The orc warrior is lightly wounded.
You barely miss the orc. You closely miss the orc wizard.
You closely miss the orc. The orc barely misses you.
You block the orc warrior's attack.
The orc wizard hits you but does no damage.
You block the orc's attack. The orc barely misses you.
The orc wizard hits you but does no damage.
The orc warrior hits you with a +0 war axe.
* * * LOW HITPOINT WARNING * * *
You barely miss the orc warrior.
The orc warrior is lightly wounded.
You slash the orc!
You kill the orc!
You closely miss the orc wizard. You barely miss the orc.
The orc wizard gestures at you while chanting.
The magic dart hits you.
You die...

.. ... #. ##.# ##
#.###(.# ### .#
#..##).# ..# .##### #>.
#..#### #.# .....#
#..##..#..# #o# ))...#
#...#.....####.# .....#
#.#.#....oo..#.#
.....###.#......@[....#
...............#o##.###
......##.##.#.##....#
......##.......###..#
......#####.#..# #..#
..##### #....# #..# ..#
##...# #... ..# #.#.#
#.###
..##########...###.


You could see an orc warrior, an orc wizard and an orc.

Vanquished Creatures
  An orc priest (D:3)
  Jessica (D:2)
  An orc wizard (D:3)
  An ooze (D:1)
  3 worms (D:2)
  A dart slug (D:1)
  A leopard gecko (D:1)
  4 orcs (D:3)
  A ball python (D:3)
  4 giant cockroaches
  8 goblins
  6 hobgoblins
  3 jackals (D:2)
  A quokka (D:3)
  8 bats
  2 frilled lizards (D:1)
  11 kobolds
  2 rats (D:1)
59 creatures vanquished.

Notes
Turn   | Place    | Note
-------+----------+-------------------------------------------
     0 | D:1      | Flugslaktarn the Barachi Fighter began the quest for the
                  | Orb.
     0 | D:1      | Reached XP level 1. HP: 18/18 MP: 1/1
   220 | D:1      | Reached XP level 2. HP: 23/25 MP: 2/2
   363 | D:1      | Reached XP level 3. HP: 30/30 MP: 3/3
   707 | D:2      | Noticed Jessica
   712 | D:2      | Killed Jessica
   712 | D:2      | Reached XP level 4. HP: 32/37 MP: 4/4
  1753 | D:3      | Reached XP level 5. HP: 43/43 MP: 5/5
  1821 | D:3      | Noticed an orc warrior
  1831 | D:3      | Killed from afar by an orc wizard

Illustrated notes

Levels and vault maps discovered:
D:1:      mrwooster_arrival_statue_2, layout_loops_ring,
          hangedman_decor_riveting
D:2:      layout_loops_ring, uniq_jessica
D:3:      layout_basic, uniq_natasha

Skill      XL: |  1  2  3  4 |
---------------+-------------+-----
Fighting       | 4 |  4.5
Axes           | 3 4 |  4.1
Armour         | 4 |  4.5
Shields        | 4 |  4.1

Action                   |  1- 3 |  4- 6 || total
-------------------------+-------+-------++-------
Melee: War axe           |    88 |   123 ||   211
 Abil: Hop               |       |     1 ||     1
  Use: Potion            |       |     1 ||     1
  Eat: Chunk             |       |     2 ||     2
       Ration            |       |     1 ||     1
Armor: Scale mail        |    54 |    54 ||   108
Dodge: Dodged            |    42 |    37 ||    79
Block: Kite shield       |    69 |    64 ||   133

Table legend:
 A = Non-vault XP
 B = Vault XP
 C = Vault XP percentage of total XP
 D = Non-vault monster count
 E = Vault monster count
 F = Vault count percentage of total count
                 A         B        C        D         E       F
            +---------+---------+-------+---------+---------+-------
      Total |     196 |      37 |  15.9 |      58 |       1 |   1.7
            +---------+---------+-------+---------+---------+-------
        D:1 |      56 |       0 |   0.0 |      29 |       0 |   0.0
        D:2 |      43 |      37 |  46.2 |      18 |       1 |   5.3
        D:3 |      97 |       0 |   0.0 |      11 |       0 |   0.0
            +---------+---------+-------+---------+---------+-------
